 Seeded DCSS version 0.30.1-4-g462c640d31 (webtiles) character file.

Game seed: 6351066067085065685 (custom seed)

9 Esekla the Grave Robber (level 2, -7/15 HPs)
             Began as a Deep Elf Necromancer on Sept 2, 2023.
             Was an Initiate of Vehumet.
             Mangled by an iguana (11 damage)
             ... on level 5 of the Dungeon.
             The game lasted 00:05:26 (948 turns).

Esekla the Grave Robber (Deep Elf Necromancer)       Turns: 948, Time: 00:05:26

Health: -7/15      AC:  4    Str:  5    XL:     2   Next: 6%
Magic:  8/8        EV: 13    Int: 19    God:    Vehumet [......]
Gold:   91         SH:  0    Dex: 15    Spells: 6/7 levels left

rFire   . . .        k - +1 short sword (freeze)
rCold   . . .        (no shield)
rNeg    . . .        a - +0 robe
rPois   .            i - +0 helmet
rElec   .            (no cloak)
rCorr   .            c - +0 pair of gloves
SInv    .            (no boots)
Will    .....        (no amulet)
Stlth   ++           (no ring)
HPRegen 0.22/turn    (no ring)
MPRegen 0.11/turn

%: no passive effects
@: no status effects
A: no striking features
a: Renounce Religion


You were on level 5 of the Dungeon.
You worshipped Vehumet.
Vehumet was noncommittal.
You visited 1 branch of the dungeon, and saw 5 of its levels.

You collected 91 gold pieces.

Inventory:

Hand Weapons
 k - a +1 short sword of freezing (weapon)
Armour
 a - a +0 robe (worn)
 c - a +0 pair of gloves (worn)
 i - a +0 helmet (worn)
Scrolls
 f - a scroll of identify {unknown}
 l - a scroll of enchant armour {unknown}
 m - a scroll of amnesia {unknown}
 n - 2 scrolls of enchant weapon {unknown}
Potions
 b - a potion of magic
 d - a potion of ambrosia {unknown}
 e - 2 potions of attraction {unknown}
 g - a potion of heal wounds {unknown}
 h - a potion of curing {unknown}
 j - a potion of mutation {unknown}


   Skills:
 * Level 2.8 Dodging
 + Level 2.7 Stealth
 * Level 3.1 Spellcasting
 + Level 5.0 Necromancy


You had 6 spell levels left.
You knew the following spells:

 Your Spells              Type           Power      Damage    Failure   Level
a - Necrotise             Necr           88%        1d8       1%          1

Your spell library contained the following spells:

 Spells                   Type           Power      Damage    Failure   Level
 Vampiric Draining        Necr           22%        2d7       5%          3
 Animate Dead             Necr           22%        N/A       19%         4
 Agony                    Necr           22%        N/A       45%         5


Dungeon Overview and Level Annotations

Branches:
Dungeon (5/15)
 Temple: D:4-7

Altars:
Okawaru
Vehumet
Zin

Shops:
D:4 (


Message History

You climb downwards.
There is a stone staircase leading up here.
An iguana comes into view.
The iguana hisses angrily.
There is a stone staircase leading up here.
You climb upwards.
There is a stone staircase leading down here.
You open the door.
There is an open door here.
There is a stone staircase leading down here.
You climb downwards.
There is a stone staircase leading up here.
The helpless iguana fails to defend itself.
You puncture the iguana! You freeze the iguana.
The iguana is severely wounded.
The iguana closely misses you.
You hit the iguana. You freeze the iguana.
The iguana is almost dead.
The iguana bites you!
You hit the iguana but do no damage.
The iguana is severely wounded.
The iguana closely misses you.
You closely miss the iguana.
The iguana is severely wounded.
The iguana bites you.
* * * LOW HITPOINT WARNING * * *
You closely miss the iguana.
The iguana is severely wounded.
The iguana misses you.
You hit the iguana but do no damage.
The iguana is severely wounded.
The iguana misses you.
You hit the iguana but do no damage.
The iguana is severely wounded.
The iguana barely misses you.
You hit the iguana but do no damage.
The iguana is severely wounded.
The iguana bites you!
Ouch! That really hurt!
You die...

.# .# .#
.# # .#
##. .#
#...###l#
#..<@.#
#....#####
#.... ....
... .. #


You could see an iguana.

Vanquished Creatures
  An endoplasm (D:3)
  2 goblins (D:3)
  A hobgoblin (D:3)
  2 bats (D:3)
  A frilled lizard (D:3)
  3 kobolds
10 creatures vanquished.

Notes
Turn   | Place    | Note
-------+----------+-------------------------------------------
     0 | D:1      | Esekla the Deep Elf Necromancer began the quest for the
                  | Orb.
     0 | D:1      | Reached XP level 1. HP: 10/10 MP: 6/6
   288 | D:4      | Found a radiant altar of Vehumet.
   301 | D:4      | Found an iron altar of Okawaru.
   312 | D:4      | Found a glowing silver altar of Zin.
   397 | D:4      | Became a worshipper of Vehumet
   637 | D:3      | Reached skill level 5 in Necromancy
   671 | D:3      | Reached XP level 2. HP: 15/15 MP: 8/8
   808 | D:4      | Found Ponaysk's Antique Weapon Boutique.
   904 | D:5      | Entered Level 5 of the Dungeon
   948 | D:5      | Mangled by an iguana

Illustrated notes

Levels and vault maps discovered:
D:1:      sevenhm_arrival_forest_fort_small_3, layout_rooms,
          chequers_serial_rivers_room_b, minmay_misc_feat_five
D:2:      layout_loops_ring, dreamdust_ecumenical_altar_angels_and_demons,
          serial_shops, shop
D:3:      layout_basic, grunt_temple_overflow_open, minmay_misc_feat_iff
D:4:      layout_basic, nicolae_overflow_quartered_altars, serial_shops,
          nicolae_diamond_shop
D:5:      layout_loops_ring, lemuel_doored_altar, minmay_misc_feat_rows,
          dreamdust_wishing_well

Skill      XL: |  1 |
---------------+----+-----
Necromancy     | 5 |  5.0
Dodging        | |  2.8
Stealth        | |  2.7
Spellcasting   | |  3.1

Action                     || total
---------------------------++-------
  Melee: Short sword       ||    24
         Unarmed           ||     9
    Use: Scroll            ||     1
   Stab: Sleeping          ||     4
 Armour: Robe              ||    12
  Dodge: Dodged            ||    33
